 Dungeon Crawl Stone Soup version 0.21-a0-279-g6037ffb (console) character file.

242188 removed the Warrior (level 18, -2/166 HPs)
             Began as a Demigod Necromancer on Sept 20, 2017.
             Hit by a javelin thrown by a merfolk javelineer (15 damage)
             ... on level 3 of the Shoals on Sept 23, 2017.
             The game lasted 02:12:50 (51801 turns).

removed the Warrior (Demigod Necromancer)          Turns: 51801, Time: 02:12:51

Health: -2/166     AC: 15    Str: 11    XL:     18   Next: 71%
Magic:  11/36      EV: 24    Int: 31    God:
Gold:   1309       SH: 10    Dex: 16    Spells: 26/35 levels left

rFire    + . .     SeeInvis .   a - +9 eveningstar (protect)
rCold    + + .     Gourm    .   P - +0 buckler {rC+}
rNeg     . . .     Faith    .   K - +2 robe {rC+ rF+}
rPois    .         Spirit   .   I - +0 helmet
rElec    .         Reflect  +   z - +2 cloak
rCorr    .         Harm     .   M - +0 pair of gloves
MR       ++...                  s - +0 pair of boots
Stlth    ++........             h - +5 amulet of reflection
HPRegen  0.37/turn              m - ring of protection from magic
MPRegen  0.25/turn              X - +5 ring of protection

@: very slightly contaminated
A: high mp 1
a: no special abilities


You were on level 3 of the Shoals.
You were hungry.

You visited 6 branches of the dungeon, and saw 31 of its levels.
You also visited: Ice Cave.

You collected 3546 gold pieces.
You spent 2237 gold pieces at shops.

Inventory:

Hand Weapons
 a - a +9 eveningstar of protection (weapon)
 g - a +0 blowgun
Missiles
 B - 3 throwing nets (quivered)
 T - 10 curare-tipped needles
Armour
 s - a +0 pair of boots (worn)
 z - a +2 cloak (worn)
 I - a +0 helmet (worn)
 K - a +2 robe of resistance (worn)
 M - a +0 pair of gloves (worn)
 P - a +0 buckler of cold resistance (worn)
Jewellery
 c - an uncursed ring of ice
 f - an uncursed ring of fire
 h - a +5 amulet of reflection (around neck)
 k - a +2 ring of protection
 m - a ring of protection from magic (left hand)
 p - an uncursed ring of poison resistance
 X - a +5 ring of protection (right hand)
Wands
 j - a wand of digging (1/24)
 E - a wand of lightning (5/15)
 N - a wand of paralysis (13/24)
 W - a wand of digging (5/24)
 Z - a wand of clouds (0/9)
Scrolls
 i - 3 scrolls of fog
 l - 3 scrolls of blinking
 q - 17 scrolls of remove curse
 w - 2 scrolls of enchant armour
 y - 4 scrolls of magic mapping
 D - a scroll of recharging
 G - 9 scrolls of teleportation
 O - 5 scrolls of identify
 V - a scroll of fear
Potions
 b - a potion of cancellation
 e - 9 potions of curing
 n - 3 potions of resistance
 r - 4 potions of mutation
 u - a potion of haste
 C - a potion of flight
 F - 2 potions of lignification
 H - 2 potions of berserk rage
 J - 8 potions of brilliance
 L - 3 potions of magic
 R - 2 potions of agility
 S - 2 potions of might
 U - a potion of ambrosia
Miscellaneous
 t - a lightning rod (3/4)
Comestibles
 o - 17 meat rations
 v - 14 bread rations
 A - 4 chunks of flesh
 Q - 7 fruits
 Y - 12 royal jellies


   Skills:
 - Level 16.0 Fighting
 - Level 15.9(16.0) Maces & Flails
   Level 3.6(11.3) Staves
 + Level 15.1 Dodging
 - Level 1.7 Stealth
 - Level 5.0 Shields
 - Level 9.0 Spellcasting
 - Level 3.1 Charms
 - Level 9.0 Necromancy
 - Level 3.0 Translocations


You had 26 spell levels left.
You knew the following spells:

 Your Spells              Type           Power        Failure   Level  Hunger
a - Pain                  Necr           ####         1%          1    None
b - Vampiric Draining     Necr           ######....   1%          3    None
e - Regeneration          Chrm/Necr      ######....   1%          3    None
l - Blink                 Tloc           N/A          1%          2    None


Dungeon Overview and Level Annotations

Branches:
Dungeon (15/15)            Temple (0/1) D:5            Lair (6/6) D:10
 Shoals (3/4) Lair:3        Snake (3/4) Lair:4          Orc (2/2) D:12
    Elf (2/3) Orc:2        Vaults (0/5) D:14         Depths (0/5) D:15
  Slime: Lair:5-6

Shops:
D:11 !   Orc:2 ([=*   Elf:2 %   Shoals:3 *

Annotations:
Lair:4 Rupert
Lair:5 exclusion: oklob plant
Elf:2 3 runed doors, exclusion: Roxanne, Roxanne


Innate Abilities, Weirdness & Mutations

You have an increased reservoir of magic. (+10% MP)


Message History

The water elemental barely misses you. You block the water elemental's attack.
The water elemental misses you.
Blink to where?
Press: ? - help, Dir - move target cursor You are very lightly contaminated with residual magic.
As you read the scroll of blinking, it crumbles to dust.
You enter the shallow water.
Moving in this stuff is going to be slow.
Casting: Vampiric Draining
Confirm with . or Enter, or press ? or * to list all spells.
Okay, then.
Blink to where?
Press: ? - help, Dir - move target cursor
As you read the scroll of blinking, it crumbles to dust. 2 merfolk and a merfolk javelineer come into view.
The merfolk javelineer is wielding a spear of distortion.
The merfolk javelineer shouts!
The merfolk javelineer throws a javelin.
The javelin hits you!
You die...

≈≈≈≈≈≈≈≈≈≈≈≈≈≈≈≈≈≈≈≈≈≈≈≈≈≈≈≈..#..
≈≈≈≈≈≈≈≈≈≈≈≈≈≈≈≈≈≈.≈≈≈≈≈≈≈....##.
≈≈≈≈≈≈≈≈≈.≈≈≈.≈≈≈...≈≈≈≈≈≈.......
≈≈≈≈≈.....≈)..≈≈≈≈≈≈.≈≈≈≈......).
≈≈≈≈......≈≈≈≈≈≈≈≈..≈......≈.....
≈≈≈........≈≈≈≈≈≈≈≈≈≈....##.).:..
≈≈≈.....#......≈≈≈≈≈≈....#..≈≈...
≈.##....##......≈≈≈..m......≈≈≈..
...##...#....≈≈.@≈.....≈≈≈≈.:.≈..
.............≈≈≈.^....≈m≈≈≈..!...
≈≈.......>.≈≈≈≈≈≈≈≈≈≈.≈≈≈≈≈≈≈....
≈.(≈≈...≈.≈≈≈≈≈≈≈≈≈≈≈≈≈≈≈≈≈≈.....
≈)≈..≈.....≈≈≈≈≈≈≈m≈≈≈≈≈≈≈≈......
≈≈≈.[...t≈§≈≈≈≈≈≈≈≈≈≈≈≈≈≈≈≈....##
≈≈≈.......≈≈≈≈≈≈≈≈≈≈≈≈≈≈≈≈....##.
≈≈≈..≈..≈..≈≈≈≈≈≈≈≈≈≈≈≈≈≈≈.≈≈≈...
≈≈....≈†≈..≈≈≈≈≈≈≈≈≈≈≈≈≈≈≈≈..≈.≈.


You could see a merfolk javelineer and 2 merfolk.

Vanquished Creatures
  Nikola (Snake:1)
  Jorgrun (Shoals:3)
  A nagaraja (Snake:3)
  2 orc warlords (Orc:1)
  Louise (Snake:1)
  2 stone giants
  A deep elf annihilator (Elf:2)
  Snorg (D:11)
  3 merfolk impalers
  3 deep elf high priests (Elf:1)
  An ogre mage (D:15)
  Fannar (D:11)
  6 hydras
  4 vault guards (D:14)
  Harold (D:11)
  9 anacondas
  4 merfolk aquamancers
  A large abomination (Elf:1)
  17 two-headed ogres
  17 naga warriors
  A catoblepas (D:13)
  2 merfolk avatars
  6 dancing weapons
  A centaur warrior (D:14)
  3 orc high priests
  2 tengu warriors
  2 death yaks
  Urug (Lair:5)
  8 naga sharpshooters
  5 shock serpents
  13 deep elf knights
  9 sea snakes
  2 salamander mystics (Snake:3)
  2 unseen horrors
  3 naga ritualists
  A wizard (D:9)
  A swamp dragon (Lair:6)
  7 deep elf archers
  A wolf spider zombie (D:15)
  10 harpies
  A necromancer (D:15)
  2 oklob plants (Lair:2)
  27 deep elf magi
  Pikel (D:8)
  4 orc knights
  4 ugly things
  15 salamanders
  6 mana vipers
  10 orc sorcerers
  6 manticores
  7 fauns
  9 elephants
  7 merfolk sirens
  3 ice statues (IceCv)
  Maurice (D:12)
  A black mamba (shapeshifter) (Elf:1)
  29 black mambas
  4 water nymphs
  3 gargoyles
  3 centaur zombies
  15 naga magi
  5 guardian serpents
  A guardian serpent (shapeshifter) (D:15)
  4 centaur skeletons
  11 spiny frogs
  A torpor snail (Lair:3)
  2 rime drakes
  A freezing wraith (D:15)
  5 komodo dragons
  A kobold demonologist (D:12)
  2 ice devils (Orc:1)
  8 trolls
  15 merfolk
  A polar bear (Lair:4)
  A queen bee (Lair:1)
  A wolf spider simulacrum (D:15)
  3 wind drakes (Shoals:1)
  Prince Ribbit (D:5)
  8 blink frogs
  9 snapping turtles
  7 dream sheep (Lair:5)
  16 hippogriffs
  A spriggan (D:7)
  A wraith (D:12)
  Sigmund (D:2)
  An air elemental (Elf:1)
  9 wyverns
  38 yaks
  10 water elementals
  Eustachio (D:4)
  A shadow (D:13)
  2 fire elementals (Elf:1)
  A steam dragon (D:14)
  3 basilisks
  4 hungry ghosts
  6 vampire mosquitoes (D:14)
  The ghost of 4thArraOfDagon the Bolt Thrower, an amateur HuWn of Nemelex Xobeh (D:4)
  2 acid dragons
  10 wargs
  Edmund (D:5)
  27 nagas
  5 water moccasins
  A swamp drake (shapeshifter) (D:14)
  7 porcupines
  4 sky beasts
  36 orc warriors
  An eye of draining (D:13)
  9 ice beasts
  2 phantoms
  16 ogres
  5 wolves (Lair:6)
  5 black bears
  2 necrophages
  13 centaurs
  8 crocodiles
  A big kobold (D:13)
  Blork the orc (D:6)
  19 bullfrogs
  2 earth elementals (Elf:1)
  6 scorpions
  A water moccasin skeleton (D:8)
  39 killer bees
  11 wights
  4 electric eels (Snake:2)
  5 howler monkeys
  5 crimson imps
  3 quasits
  2 bullfrog zombies
  5 jellies
  2 bullfrog skeletons
  5 hounds
  19 orc priests
  Jessica (D:2)
  Natasha (thrice) (D:3)
  27 orc wizards
  3 iguanas
  12 worker ants
  A worker ant zombie (D:6)
  Robin (D:4)
  4 gnolls (D:6)
  13 adders
  4 shadow imps
  4 oozes
  An adder zombie (D:5)
  2 adder skeletons
  A worm (D:2)
  3 dart slugs (D:2)
  6 leopard geckos
  93 orcs
  4 bats
  3 giant cockroaches
  13 goblins
  8 hobgoblins
  4 jackals (D:3)
  8 kobolds
  3 quokkas
  A ball python (D:2)
  4 frilled lizards
  A leopard gecko zombie (D:7)
  A quokka skeleton (D:9)
  8 rats
  A crawling corpse (Elf:1)
1020 creatures vanquished.

Vanquished Creatures (others)
  A merfolk avatar (Shoals:3)
  A deep elf mage (Elf:1)
  A water elemental (Shoals:3)
  A howler monkey (D:8)
  13 fungi
  30 plants
47 creatures vanquished.

Grand Total: 1067 creatures vanquished

Notes
Turn   | Place    | Note
-------+----------+-------------------------------------------
     0 | D:1      | removed the Demigod Necromancer began the quest for the Orb.
     0 | D:1      | Reached XP level 1. HP: 14/14 MP: 5/5
   724 | D:1      | Reached XP level 2. HP: 20/20 MP: 5/7
   864 | D:1      | You fall through a shaft!
   887 | D:2      | Noticed Jessica
  1378 | D:1      | Reached XP level 3. HP: 25/26 MP: 5/8
  1383 | D:1      | Learned a level 3 spell: Vampiric Draining
  1877 | D:2      | Reached skill level 5 in Necromancy
  2061 | D:2      | Killed Jessica
  2061 | D:2      | Reached XP level 4. HP: 31/33 MP: 5/9
  2090 | D:2      | Noticed Sigmund
  2290 | D:3      | Noticed Natasha
  2736 | D:3      | Found a radiant altar of Vehumet.
  3043 | D:3      | Found a basalt altar of Yredelemnul.
  3049 | D:3      | Killed Natasha
  3049 | D:3      | Reached XP level 5. HP: 32/38 MP: 3/10
  3136 | D:3      | Noticed Natasha
  3140 | D:3      | Killed Natasha
  3322 | D:3      | Found a radiant altar of Vehumet.
  3492 | D:3      | Noticed Natasha
  3496 | D:3      | Killed Natasha
  3676 | D:4      | Noticed 4thArraOfDagon's ghost (amateur HuWn)
  3867 | D:4      | Noticed an ogre
  4185 | D:4      | Learned a level 3 spell: Regeneration
  4187 | D:4      | Noticed Eustachio
  4196 | D:4      | Killed Eustachio
  4196 | D:4      | Reached XP level 6. HP: 37/45 MP: 4/13
  4296 | D:4      | Reached skill level 1 in Fighting
  4320 | D:4      | Noticed Robin
  4341 | D:4      | Killed Robin
  4777 | D:4      | Killed 4thArraOfDagon's ghost
  4777 | D:4      | Reached skill level 3 in Fighting
  4777 | D:4      | Reached XP level 7. HP: 37/57 MP: 11/14
  5122 | D:2      | Killed Sigmund
  5208 | D:5      | Entered Level 5 of the Dungeon
  5262 | D:5      | Found a staircase to the Ecumenical Temple.
  5263 | D:5      | Noticed Edmund
  5333 | D:5      | Reached skill level 4 in Fighting
  5364 | D:5      | Found a snail-covered altar of Cheibriados.
  5400 | D:5      | Noticed Prince Ribbit
  5586 | D:5      | Killed Edmund
  5586 | D:5      | Reached XP level 8. HP: 56/67 MP: 6/15
  5747 | D:5      | Got an ichor-stained whip
  5748 | D:5      | Identified the cursed +1 whip of Prudence {slash, Str+4} (You found it on level 5 of the Dungeon)
  5926 | D:5      | Killed Prince Ribbit
  6233 | D:6      | Found a sacrificial altar of Ru.
  6360 | D:6      | Reached skill level 5 in Spellcasting
  6519 | D:6      | Noticed a hippogriff
  6526 | D:6      | Killed a hippogriff
  6526 | D:6      | Reached skill level 5 in Dodging
  6595 | D:6      | Noticed Blork the orc
  6610 | D:6      | Killed Blork the orc
  6778 | D:6      | Reached XP level 9. HP: 65/73 MP: 9/20
  6782 | D:6      | Reached skill level 5 in Fighting
  7487 | D:7      | Learned a level 2 spell: Blink
  7780 | D:7      | Reached skill level 1 in Translocations
  8172 | D:8      | Found a sparkling altar of Nemelex Xobeh.
  8353 | D:8      | Reached skill level 6 in Fighting
  8729 | D:8      | Noticed Pikel
  8742 | D:8      | Killed Pikel
  9058 | D:7      | Reached skill level 7 in Fighting
  9075 | D:8      | Reached XP level 10. HP: 73/86 MP: 21/21
  9264 | D:8      | Found a stormy altar of Qazlal.
 10158 | D:9      | Noticed a wizard
 10186 | D:9      | Found a glowing silver altar of Zin.
 10187 | D:9      | Found a hide-covered altar of Uskayaw.
 10784 | D:10     | Entered Level 10 of the Dungeon
 10856 | D:10     | Reached skill level 8 in Fighting
 11199 | D:10     | Got a fine quarterstaff {crush}
 11200 | D:10     | Identified the +6 quarterstaff of the Median {crush, +Rage rPois MR++ Str-4} (You took it off an orc priest on level 10 of the Dungeon)
 11365 | D:10     | Found a staircase to the Lair.
 12271 | D:10     | Noticed a two-headed ogre
 12957 | D:11     | Noticed Snorg
 12957 | D:11     | Noticed Fannar
 13601 | D:11     | Killed an unseen horror
 13601 | D:11     | Reached XP level 11. HP: 70/94 MP: 17/24
 13728 | D:11     | Noticed Harold
 13760 | D:11     | Killed Harold
 13807 | D:11     | Found Viech's Distillery.
 14157 | D:11     | Reached skill level 9 in Fighting
 14538 | Lair:1   | Entered Level 1 of the Lair of Beasts
 14863 | Lair:1   | Reached skill level 10 in Dodging
 15665 | Lair:1   | Found an ancient bone altar of Kikubaaqudgha.
 16826 | Lair:2   | Reached skill level 10 in Fighting
 16852 | Lair:2   | Reached skill level 1 in Charms
 17315 | Lair:2   | Reached XP level 12. HP: 104/106 MP: 21/25
 17966 | Lair:2   | Noticed a six-headed hydra
 19306 | Lair:3   | Noticed a five-headed hydra
 19328 | Lair:3   | Killed a five-headed hydra
 19937 | Lair:3   | Reached skill level 11 in Fighting
 20331 | Lair:3   | Found a staircase to the Shoals.
 20546 | Lair:3   | Got a faintly glowing long sword
 20547 | Lair:3   | Identified the cursed +1 long sword of the Grey Skies {speed, rC+} (You found it on level 3 of the Lair of Beasts)
 20558 | Lair:3   | Noticed a seven-headed hydra
 20827 | Lair:4   | Found a staircase to the Snake Pit.
 20927 | Lair:4   | Noticed a four-headed hydra
 20943 | Lair:4   | Killed a four-headed hydra
 21295 | Lair:4   | Noticed Rupert
 22031 | Lair:3   | Reached skill level 1 in Staves
 22455 | Lair:5   | Noticed Urug
 22474 | Lair:5   | Killed Urug
 22609 | Lair:5   | Reached skill level 1 in Maces & Flails
 22971 | Lair:6   | Entered Level 6 of the Lair of Beasts
 23006 | Lair:6   | Noticed a six-headed hydra
 23068 | Lair:5   | Killed a six-headed hydra
 23068 | Lair:5   | Reached XP level 13. HP: 83/116 MP: 16/29
 23710 | Lair:6   | Reached skill level 5 in Maces & Flails
 23889 | Lair:6   | Noticed an azure jelly
 25648 | D:12     | Noticed Sonja
 25649 | D:12     | Noticed Sonja
 25649 | D:12     | Sonja changed into Sonja the warg
 25664 | D:12     | Killed Sonja the warg
 26026 | D:12     | Noticed Maurice
 26042 | D:12     | Killed Maurice
 26129 | D:12     | Got a transparent quarterstaff
 26390 | D:12     | Found a staircase to the Orcish Mines.
 26600 | Orc:1    | Entered Level 1 of the Orcish Mines
 26626 | Orc:1    | Found a frozen archway.
 26727 | IceCv    | Entered an ice cave
 27269 | Orc:1    | Found a transporter.
 27507 | Orc:2    | Entered Level 2 of the Orcish Mines
 27507 | Orc:2    | Found Nuac's Antique Armour Emporium.
 27886 | D:12     | Reached skill level 10 in Maces & Flails
 27983 | Orc:2    | Noticed an orc warlord
 28283 | Orc:1    | Killed an orc warlord
 28875 | Orc:2    | Reached XP level 14. HP: 124/124 MP: 27/30
 28912 | Orc:1    | Found a roughly hewn altar of Beogh.
 28977 | Orc:2    | Found Jeariu's Antique Weapon Shoppe.
 29252 | Orc:2    | Found Wutiby's Jewellery Emporium.
 29648 | Orc:2    | Paralysed by an orc sorcerer for 2 turns
 29658 | Orc:2    | Paralysed by an orc sorcerer for 2 turns
 29909 | Orc:2    | Found a staircase to the Elven Halls.
 29948 | Orc:2    | Found Zaclonn's General Store.
 30770 | Orc:1    | Found a roughly hewn altar of Beogh.
 30774 | Orc:1    | Noticed an orc warlord
 30840 | Orc:1    | Killed an orc warlord
 30920 | Orc:1    | Found a transporter.
 30932 | Orc:1    | Got a spiked ring mail
 30945 | Orc:1    | Identified the +1 ring mail of Bitterness {Regen+} (You found it on level 1 of the Orcish Mines)
 31161 | D:11     | Bought 2 potions of experience for 1500 gold pieces
 31161 | D:11     | Reached XP level 15. HP: 129/129 MP: 31/31
 31162 | D:11     | Reached XP level 16. HP: 137/137 MP: 32/32
 31233 | D:11     | Killed Fannar
 31370 | D:11     | Killed Snorg
 32383 | Orc:2    | Bought a wizard robe for 148 gold pieces
 32393 | Orc:2    | Identified the cursed +0 robe "Zeuwuer" {MR+ Regen+ SInv Stlth-} (You bought it in a shop on level 2 of the Orcish Mines)
 32747 | D:13     | Found the +6 shillelagh "Devastator" {shatter}
 33809 | D:14     | Reached skill level 15 in Maces & Flails
 33990 | D:14     | Found a gate to the Vaults.
 34770 | D:15     | Entered Level 15 of the Dungeon
 34821 | D:15     | Reached skill level 1 in Shields
 35288 | D:15     | Got a scorched shield
 35299 | D:15     | Identified the +2 shield of Ypral {rN+ Str+4 Int-5 Stlth+} (You found it on level 15 of the Dungeon)
 35632 | D:15     | Found a staircase to the Depths.
 36336 | Orc:2    | Bought an uncursed ring of protection from magic for 275 gold pieces
 36376 | Elf:1    | Entered Level 1 of the Elven Halls
 36503 | Elf:1    | Reached skill level 5 in Shields
 36728 | Elf:1    | HP: 5/205 [dire flail of protection (18)]
 36990 | Elf:1    | HP: 6/137 [polar bear (shapeshifter) (2)]
 37573 | Elf:1    | Reached XP level 17. HP: 144/144 MP: 31/34
 38103 | Elf:1    | Reached skill level 12 in Fighting
 39390 | Orc:2    | Bought a scroll of enchant weapon for 127 gold pieces
 39834 | Elf:2    | Found a runed gate.
 39834 | Elf:2    | Found a runed gate.
 39834 | Elf:2    | Found a runed gate.
 39939 | Elf:2    | Noticed Roxanne
 40044 | Elf:2    | Found Gyeplyud's Food Boutique.
 40483 | Orc:2    | Bought a cursed ring of poison resistance for 187 gold pieces
 40676 | Snake:1  | Entered Level 1 of the Snake Pit
 41013 | Lair:4   | Reached skill level 13 in Fighting
 41852 | Snake:1  | Noticed Louise
 41864 | Snake:1  | Killed Louise
 42147 | Snake:1  | Noticed Nikola
 42193 | Snake:1  | Killed Nikola
 42334 | Snake:1  | Got a warped dagger
 42346 | Snake:1  | Reached skill level 14 in Fighting
 43017 | Snake:1  | Upgraded the game from 0.21-a0-278-ga722497 to 0.21-a0-279-g6037ffb
 44623 | Snake:2  | Reached skill level 15 in Fighting
 45640 | Snake:2  | Reached XP level 18. HP: 130/163 MP: 36/36
 47426 | Snake:3  | Got an uncursed ivory flail {holy}
 47436 | Snake:3  | Identified the +4 flail "Ponwaiw Nae" {holy, rPois Str+4} (You took it off a naga sharpshooter on level 3 of the Snake Pit)
 48165 | Shoals:1 | Entered Level 1 of the Shoals
 49102 | Shoals:1 | Reached skill level 16 in Fighting
 51136 | Shoals:3 | Noticed Jorgrun
 51454 | Shoals:3 | Killed Jorgrun
 51542 | Shoals:3 | Identified a scroll of acquirement
 51743 | Shoals:3 | Found Gefyw's Assorted Antiques.
 51757 | Shoals:3 | Reached skill level 15 in Dodging
 51792 | Shoals:3 | HP: 2/166 [water elemental (16)]
 51801 | Shoals:3 | Hit by a javelin thrown by a merfolk javelineer

Vault maps used:
D:1:      dpeg_arrival_prison
D:2:      minmay_pentomino_q2, uniq_jessica, uniq_sigmund
D:3:      marbit_many_paths, minmay_misc_feat_secret_circle,
          yredelemnul_altar_generic, uniq_natasha
D:4:      first_bread, uniq_robin, uniq_eustachio
D:5:      kennysheep_mini, temple_doors_e, uniq_edmund, uniq_prince_ribbit1
D:6:      basic_altar, nicolae_zen_rock_garden, uniq_blork_the_orc
D:7:      the_bakery, grunt_ministairs_2
D:8:      lemuel_coloured_pillars_altar, nicolae_overflow_crystal_walls,
          uniq_pikel
D:9:      chequers_temple_overflow_statue_of_worship
D:10:     erik_lair_orcish_takeover, serial_glass, glass_columns_a,
          glass_columns_a
D:11:     minmay_shop_grid_forest, uniq_snorg, uniq_harold, uniq_fannar
D:12:     minmay_orc_entry_guard_dogs, uniq_sonja, uniq_maurice
D:13:     minmay_roctagon
D:14:     lightli_vaults_fourway_checkpoint, palyth_stone_intersect
D:15:     grunt_enter_depths_magical_seal, minmay_misc_feat_rows
Lair:1:   basic_altar
Lair:2:   special_room, minmay_lair_oklob_chamber, serial_bayou_shore_a
Lair:3:   minmay_shoals_entry_lonely_mermaid
Lair:4:   guppyfry_snake_entry_garden, uniq_rupert
Lair:5:   minmay_lair_oklob_items, beast_lair_carwin_4, uniq_urug
Lair:6:   hangedman_lair_caniforms_friends, slime_altar_1, special_room,
          hibernation_bobbens, infiniplex_staircase_pool_2, grunt_megastairs_2
Shoals:2: nicolae_shoals_so_close
Shoals:3: serial_shops, shop, uniq_jorgrun
Snake:1:  uniq_louise, uniq_nikola
Snake:2:  spider_trap, hangedman_snake_corridor_split
Orc:1:    gammafunk_beogh_shrine, portal_ice_cave_demonic_guard, basic_altar
Orc:2:    grunt_orc_gardens, grunt_orc_garden, grunt_orc_garden,
          grunt_orc_garden, grunt_orc_garden
Elf:1:    orc_legates
Elf:2:    serial_shops, nicolae_shop_statue_plus, uniq_roxanne
IceCv:    ice_cave_statue_garden_chambered

Skill      XL: |  1  2  3  4  5  6  7  8  9 10 11 12 13 14 15 16 17 18 |
---------------+-------------------------------------------------------+-----
Necromancy     | 4 5 6 7 8 9 |  9.0
Spellcasting   | 3 5 6 8 9 |  9.0
Dodging        | 3 4 5 7 9 11 12 13 15 | 15.1
Fighting       | 3 4 7 8 10 11 15 16 | 16.0
Translocations | 3 |  3.0
Charms         | 3 |  3.1
Staves         | 3 |  3.6
Maces & Flails | 2 10 13 14 15 | 15.9
Shields        | 5 |  5.0
Stealth        | |  1.7

Action                   |  1- 3 |  4- 6 |  7- 9 | 10-12 | 13-15 | 16-18 || total
-------------------------+-------+-------+-------+-------+-------+-------++-------
Melee: Falchion          |       |    35 |   179 |   718 |     6 |       ||   938
       Quarterstaff      |       |       |       |    35 |     9 |       ||    44
       Eveningstar       |       |       |       |     8 |   751 |  2284 ||  3043
       Shillelagh        |       |       |       |       |       |    72 ||    72
 Fire: Blowgun           |       |       |       |       |     3 |       ||     3
 Cast: Pain              |    74 |    85 |   200 |   304 |    13 |       ||   676
       Regeneration      |       |     2 |     9 |    76 |    89 |   238 ||   414
       Vampiric Draining |       |       |     8 |    79 |    74 |   143 ||   304
       Blink             |       |       |       |     7 |     5 |    15 ||    27
Evoke: Wand              |       |       |     7 |    10 |     8 |     3 ||    28
       Lightning rod     |       |       |       |       |       |    13 ||    13
  Use: Scroll            |       |     1 |    13 |    11 |     8 |    19 ||    52
       Potion            |       |       |       |     1 |     4 |    10 ||    15
 Stab: Confused          |       |       |     1 |     1 |     4 |       ||     6
       Sleeping          |       |       |     2 |     4 |     1 |     3 ||    10
       Invisible         |       |       |       |       |     2 |       ||     2
       Distracted        |       |       |       |       |       |     1 ||     1
  Eat: Chunk             |     4 |     9 |    13 |    48 |    25 |    61 ||   160
       Royal jelly       |       |       |     1 |     1 |     1 |     1 ||     4
       Fruit             |       |       |       |     1 |       |       ||     1
       Meat ration       |       |       |       |       |     1 |     3 ||     4
       Bread ration      |       |       |       |       |       |     1 ||     1
Armor: Robe              |     2 |    15 |    62 |   243 |   193 |   534 ||  1049
       Skin              |       |       |       |    41 |    11 |    17 ||    69
Dodge: Dodged            |    10 |    31 |   209 |  1111 |   964 |  1794 ||  4119
Block: Buckler           |       |       |       |       |       |   522 ||   522
       Reflection        |       |       |       |       |       |    14 ||    14
       Rpst.: Falchion   |       |     7 |    58 |   285 |    10 |       ||   360

Table legend:
 A = Spawn XP
 B = Non-spawn XP
 C = Spawn XP percentage of total XP
 D = Spawn monster count
 E = Non-spawn monster count
 F = Spawn count percentage of total count
 G = Total turns spent on level
                    A         B        C        D         E        F      G
               +---------+---------+-------+---------+---------+-------+---------
         Total |       0 |  303816 |   0.0 |       0 |    1021 |   0.0 | 51801
               +---------+---------+-------+---------+---------+-------+---------
           D:1 |       0 |      41 |   0.0 |       0 |      21 |   0.0 |  1392
           D:2 |       0 |     322 |   0.0 |       0 |      20 |   0.0 |   810
           D:3 |       0 |     199 |   0.0 |       0 |      22 |   0.0 |  1808
           D:4 |       0 |     698 |   0.0 |       0 |      18 |   0.0 |  1302
           D:5 |       0 |     967 |   0.0 |       0 |      16 |   0.0 |   860
           D:6 |       0 |    1253 |   0.0 |       0 |      23 |   0.0 |  1220
           D:7 |       0 |    1638 |   0.0 |       0 |      31 |   0.0 |  1110
           D:8 |       0 |    1619 |   0.0 |       0 |      22 |   0.0 |  1415
           D:9 |       0 |    2356 |   0.0 |       0 |      34 |   0.0 |  1233
          D:10 |       0 |    3369 |   0.0 |       0 |      45 |   0.0 |  2210
          D:11 |       0 |    7076 |   0.0 |       0 |      38 |   0.0 |  2249
          D:12 |       0 |    9931 |   0.0 |       0 |      45 |   0.0 |  1710
          D:13 |       0 |    8365 |   0.0 |       0 |      37 |   0.0 |  1169
          D:14 |       0 |   13701 |   0.0 |       0 |      45 |   0.0 |  1380
          D:15 |       0 |   16491 |   0.0 |       0 |      31 |   0.0 |  1234
        Lair:1 |       0 |    6505 |   0.0 |       0 |      29 |   0.0 |  2727
        Lair:2 |       0 |   10897 |   0.0 |       0 |      56 |   0.0 |  2849
        Lair:3 |       0 |    7952 |   0.0 |       0 |      20 |   0.0 |  2466
        Lair:4 |       0 |    6202 |   0.0 |       0 |      19 |   0.0 |  1132
        Lair:5 |       0 |    5023 |   0.0 |       0 |      12 |   0.0 |  1448
        Lair:6 |       0 |    7828 |   0.0 |       0 |      26 |   0.0 |   711
      Shoals:1 |       0 |   14495 |   0.0 |       0 |      31 |   0.0 |  1283
      Shoals:2 |       0 |    9591 |   0.0 |       0 |      24 |   0.0 |  1586
      Shoals:3 |       0 |   17989 |   0.0 |       0 |      31 |   0.0 |   767
       Snake:1 |       0 |   24834 |   0.0 |       0 |      36 |   0.0 |  2836
       Snake:2 |       0 |   33884 |   0.0 |       0 |      68 |   0.0 |  2768
       Snake:3 |       0 |   24403 |   0.0 |       0 |      39 |   0.0 |  1525
         Orc:1 |       0 |   12022 |   0.0 |       0 |      55 |   0.0 |  2047
         Orc:2 |       0 |   10972 |   0.0 |       0 |      45 |   0.0 |  2739
         Elf:1 |       0 |   30797 |   0.0 |       0 |      58 |   0.0 |  2521
         Elf:2 |       0 |    9230 |   0.0 |       0 |      13 |   0.0 |   812
         IceCv |       0 |    3166 |   0.0 |       0 |      11 |   0.0 |   482
               +---------+---------+-------+---------+---------+-------+---------
